 Dungeon Crawl Stone Soup version 0.20.1-1-g8b1a95d (webtiles) character file.

1342 dengdeng the Ruffian (level 8, -5/67 HPs)
             Began as a Grey Draconian Berserker on Nov 18, 2017.
             Was an Elder of Trog.
             Killed by divine providence
             ... invoked by an orc priest
              (15 damage)
             ... on level 6 of the Dungeon on Jan 7, 2018.
             The game lasted 00:31:44 (5969 turns).

dengdeng the Ruffian (Grey Draconian Berserker)     Turns: 5969, Time: 00:31:45

Health: -5/67      AC: 11    Str: 23    XL:     8   Next: 35%
Magic:  8/8        EV: 14    Int:  7    God:    Trog [****..]
Gold:   245        SH:  0    Dex: 10    Spells: 7/7 levels left

rFire    + . .     SeeInvis .   G - +1 dagger (venom)
rCold    . . .     Gourm    .   (no shield)
rNeg     . . .     Faith    .   (armour unavailable)
rPois    .         Spirit   .   (helmet restricted)
rElec    .         Reflect  .   (no cloak)
rCorr    .         Harm     .   (no gloves)
MR       +....                  (no boots)
Stlth    ++........             (no amulet)
Regen    0.3/turn               j - ring of protection from magic
MPRegen  0.2/turn               i - ring of protection from fire

@: no status effects
A: walk through water, unfitting armour, unbreathing, cold-blooded, AC +11
a: Berserk, Trog's Hand, Brothers in Arms, Burn Spellbooks, Renounce Religion


You were on level 6 of the Dungeon.
You worshipped Trog.
Trog was greatly pleased with you.
You were hungry.

You visited 1 branch of the dungeon, and saw 6 of its levels.

You collected 302 gold pieces.
You spent 57 gold pieces at shops.

Inventory:

Hand Weapons
 A - a +0 scimitar
 C - a +0 flail
 D - a +0 falchion
 E - a +0 spear
 G - a +1 dagger of venom (weapon)
Missiles
 b - 250 stones
 F - 2 tomahawks (quivered)
Jewellery
 i - a ring of protection from fire (right hand)
 j - a ring of protection from magic (left hand)
 q - an uncursed ring of flight
Scrolls
 d - 3 scrolls of identify
 g - a scroll of blinking {unknown}
 l - 3 scrolls of remove curse {unknown}
 m - a scroll of recharging {unknown}
 n - 4 scrolls of fear {unknown}
 o - a scroll of teleportation {unknown}
 r - 2 scrolls of magic mapping {unknown}
 u - 3 scrolls of enchant armour {unknown}
 B - a scroll of fog {unknown}
Potions
 e - 3 potions of flight {unknown}
 f - 2 potions of haste {unknown}
 h - 4 potions of mutation {unknown}
 k - a potion of lignification {unknown}
 p - 2 potions of resistance {unknown}
 v - 2 potions of might {unknown}
 w - 2 potions of curing
 x - 2 potions of heal wounds
 z - a potion of berserk rage {unknown}
Books
 y - Sif Muna's Tome of Good Luck
   (You found it on level 4 of the Dungeon)

   Spells                             Type                      Level
   a - Infusion                       Charms                       1
   Trog disapproves of the use of such an item.
Comestibles
 a - 6 bread rations
 c - 2 meat rations
 s - 3 royal jellies
 t - 3 fruits


   Skills:
 + Level 4.4 Fighting
 + Level 1.0(1.2) Short Blades
 + Level 1.0(1.2) Long Blades
 + Level 1.2 Maces & Flails
 + Level 1.3 Throwing
 + Level 5.5 Dodging
 + Level 2.4 Stealth
 + Level 7.8 Unarmed Combat


You had 7 spell levels left.
You didn't know any spells.

Dungeon Overview and Level Annotations

Branches:
Dungeon (6/15)             Temple (0/1) D:6

Altars:
Kikubaaqudgha
Makhleb
Sif Muna

Shops:
D:4 [(*


Innate Abilities, Weirdness & Mutations

You can walk through water.
Your dull iron-grey scales are very hard. (AC +11)
You cannot fit into any form of body armour.
You can survive without breathing.
You are cold-blooded and may be slowed by cold attacks.


Message History

The orc hits you but does no damage.
An orc comes into view. It is wielding a mace.
Your ogre goes berserk!
You feel somewhat more hungry. The orc closely misses you.
The orc priest barely misses you. The orc misses you.
The orc hits your ogre with a hand axe. The orc completely misses you.
You hit the orc priest but do no damage.
The orc priest is almost dead.
The orc priest calls down the wrath of Beogh upon you.
Beogh smites you!
* * * LOW HITPOINT WARNING * * *
The orc hits you but does no damage. The orc priest completely misses you.
The orc misses you. The orc hits you but does no damage.
The orc hits your ogre with a hand axe.
Your ogre barely misses the orc.
The orc barely misses your ogre.
You hit the orc priest.
The orc priest looks even sicker.
The orc priest is almost dead.
The orc priest invokes the aid of Beogh against you.
Beogh smites you!
You die...

##.# ...# #
#..#.# ##..#.
.... #oZ# #oo#
#@o## #oO.#
#..o#.##
#.####8[##
.......>..# #
######8.## #..#
#..#
############..#


You could see 2 orc priests, 4 orcs, a giant cockroach zombie and a friendly
ogre (berserk).

Vanquished Creatures
  Eustachio (D:5)
  Purgy (D:3)
  An ice beast (D:6)
  2 phantoms
  A sky beast (D:5)
  The ghost of WiZmei the Chopper, a weakling MiBe (D:3)
  A hound (D:4)
  An orc priest (D:6)
  A jelly (D:6)
  6 orc wizards
  An iguana (D:5)
  Natasha (thrice) (D:2)
  2 worker ants
  Terence (D:2)
  A worker ant zombie (D:5)
  9 adders
  4 gnolls (D:6)
  4 oozes
  4 worms
  3 leopard geckos
  17 orcs
  6 giant cockroaches
  7 goblins
  8 hobgoblins
  7 jackals (D:3)
  3 quokkas
  A ball python (D:2)
  8 bats
  9 frilled lizards
  A jackal skeleton (D:4)
  8 kobolds
  A leopard gecko skeleton (D:4)
  9 rats
133 creatures vanquished.

Notes
Turn   | Place    | Note
-------+----------+-------------------------------------------
     0 | D:1      | dengdeng the Draconian Berserker began the quest for the Orb.
     0 | D:1      | Reached XP level 1. HP: 19/19 MP: 1/1
   162 | D:1      | Reached XP level 2. HP: 25/26 MP: 2/2
   490 | D:1      | Reached ** piety under Trog
   668 | D:1      | Reached XP level 3. HP: 29/33 MP: 3/3
   978 | D:2      | Noticed Natasha
  1316 | D:2      | Killed Natasha
  1316 | D:2      | Reached skill level 4 in Unarmed Combat
  1316 | D:2      | Reached XP level 4. HP: 39/40 MP: 4/4
  1479 | D:2      | Noticed Terence
  1494 | D:2      | Killed Terence
  1697 | D:2      | Noticed Natasha
  1709 | D:2      | Killed Natasha
  1709 | D:2      | Reached skill level 1 in Stealth
  1709 | D:2      | Reached XP level 5. HP: 23/46 MP: 5/5
  1878 | D:2      | Noticed Natasha
  1889 | D:2      | Killed Natasha
  1889 | D:2      | Reached *** piety under Trog
  2096 | D:3      | Noticed Purgy
  2108 | D:3      | Killed Purgy
  2108 | D:3      | Reached skill level 5 in Unarmed Combat
  2108 | D:3      | Reached XP level 6. HP: 52/52 MP: 6/6
  2130 | D:3      | Noticed WiZmei's ghost (weakling MiBe)
  2148 | D:3      | Killed WiZmei's ghost
  2173 | D:3      | Found a burning altar of Makhleb.
  2992 | D:4      | Reached skill level 6 in Unarmed Combat
  3280 | D:4      | Found an ancient bone altar of Kikubaaqudgha.
  3301 | D:4      | Found Luill's Weapon Boutique.
  3470 | D:4      | Found Petuh's Assorted Antiques.
  3477 | D:4      | Bought a potion of curing for 57 gold pieces
  3517 | D:4      | Reached **** piety under Trog
  3527 | D:4      | Your scales start taking on a dull iron-grey colour.
  3527 | D:4      | Reached XP level 7. HP: 22/60 MP: 7/7
  3527 | D:4      | Gained mutation: You can survive without breathing. [Grey Draconian growth]
  3869 | D:4      | Found Mitre's Armour Shop.
  3972 | D:4      | Found a deep blue altar of Sif Muna.
  3993 | D:4      | Identified Sif Muna's Tome of Good Luck
  4081 | D:4      | Reached skill level 1 in Throwing
  4333 | D:5      | Entered Level 5 of the Dungeon
  4519 | D:5      | Reached skill level 7 in Unarmed Combat
  4850 | D:5      | Noticed Eustachio
  5024 | D:5      | Killed Eustachio
  5024 | D:5      | Reached skill level 5 in Dodging
  5024 | D:5      | Reached XP level 8. HP: 64/67 MP: 8/8
  5798 | D:6      | Found an ancient bone altar of Kikubaaqudgha.
  5858 | D:6      | Reached skill level 1 in Long Blades
  5858 | D:6      | Reached skill level 1 in Maces & Flails
  5929 | D:6      | Found a staircase to the Ecumenical Temple.
  5936 | D:6      | Received a gift from Trog
  5959 | D:6      | Reached skill level 1 in Short Blades
  5969 | D:6      | Killed from afar by an orc priest

Skill      XL: |  1  2  3  4  5  6  7  8 |
---------------+-------------------------+-----
Dodging        | 3 4 5 |  5.5
Fighting       | 4 |  4.4
Unarmed Combat | 4 5 6 7 |  7.8
Stealth        | 1 2 |  2.4
Throwing       | 1 |  1.3
Long Blades    | 1 |  1.0
Maces & Flails | 1 |  1.2
Short Blades   | 1 |  1.0

Action                   |  1- 3 |  4- 6 |  7- 9 || total
-------------------------+-------+-------+-------++-------
Melee: Unarmed           |   132 |   227 |   115 ||   474
       Tailslap          |    16 |    32 |    24 ||    72
       Punch             |     1 |     2 |    10 ||    13
       Dagger            |       |       |    53 ||    53
       Falchion          |       |       |    22 ||    22
       Flail             |       |       |    18 ||    18
Throw: Stone             |     1 |    13 |     7 ||    21
       Tomahawk          |       |       |     5 ||     5
Invok: Berserk           |       |     2 |     2 ||     4
       Trog's Hand       |       |       |     2 ||     2
       Brothers in Arms  |       |       |     1 ||     1
  Use: Scroll            |       |       |     5 ||     5
 Stab: Sleeping          |       |       |     3 ||     3
  Eat: Chunk             |     1 |     7 |    10 ||    18
       Royal jelly       |       |     1 |       ||     1
       Fruit             |       |     1 |       ||     1
Armor: Skin              |    37 |    80 |    66 ||   183
Dodge: Dodged            |    87 |   192 |   161 ||   440
       Rpst.: Falchion   |       |       |    10 ||    10
